Map: Avalon Labs

Players

Ashaxyn

  • Race: Zerg Zerg

Radeus

  • Race: Protoss Protoss
  • League: Gold

Gracz - Winner!

  • Race: Zerg Zerg
  • League: Bronze

VOD

Have the link to the VOD?

Description

Time

  • Played on: Sept. 9, 2016, 3:33 p.m.
  • Length: 29:52
Show
View Real Time Build Order
Export as new Build Order

Ashaxyn Zerg 

Build Orders: Pool First 

Get SALT Encoding   

  12  0:03  Drone  
  13  0:12  Overlord  
  13  0:30  Drone  
  13  0:35  Extractor  
  13  0:38  Spawning Pool  
  12  1:18  Drone x2  
  12  1:19  Drone  
  15  1:34  Spine Crawler  
  15  1:35  Spine Crawler  
  13  2:05  Zergling x6  
  16  2:10  Spine Crawler  
  16  2:13  Spine Crawler  
  14  2:23  Extractor  
  13  2:51  Baneling Nest  
  12  2:58  Drone x3  
  14  3:02  Queen  
  17  3:09  Drone  
  18  3:23  Metabolic Boost  
  18  3:26  Drone  
  19  3:47  Drone x2  
  21  3:52  Overlord  
  21  3:57  Lair  
  21  4:28  Baneling x6  
  21  4:36  Drone x3  
  21  4:37  Drone  
  22  5:39  Hatchery  
  21  5:47  Drone x4  
  21  5:48  Drone  
  26  6:00  Centrifical Hooks  
  26  6:16  Hatchery  
  25  6:20  Spine Crawler  
  25  6:24  Spine Crawler  
  23  6:25  Queen  
  23  6:27  Drone  
  23  6:28  Drone  
  23  6:29  Drone  
  28  6:37  Zergling x2  
  28  6:38  Zergling x2  
  30  6:47  Overlord  
  30  7:04  Drone  
  30  7:06  Queen, Drone  
  34  7:09  Baneling  
  34  7:10  Baneling x2  
  34  7:12  Baneling  
  34  7:25  Drone x2  
  34  7:26  Drone, Overlord  
  36  7:53  Drone x2  
  36  7:54  Drone  
  36  7:56  Spine Crawler  
  38  8:09  Zergling x8  
  42  8:16  Zergling x4  
  42  8:17  Zergling x4  
  46  8:30  Infestation Pit  
  45  8:36  Spine Crawler  
  44  8:52  Baneling x3  
  44  8:53  Baneling  
  44  8:54  Baneling x12  
  35  9:18  Zergling x2  
  35  9:19  Zergling x26  
  49  9:33  Spore Crawler  
  49  9:38  Spore Crawler  
  46  9:50  Drone  
  46  9:51  Drone x2  
  38  10:11  Zergling x8  
  37  10:18  Baneling Nest  
  31  10:21  Spawning Pool  
  31  10:22  Drone  
  29  10:34  Hatchery  
  26  10:41  Zergling x2  
  26  10:42  Zergling x8  
  27  10:53  Baneling  
  27  10:54  Baneling x7  
  27  10:56  Zergling x2  
  27  10:57  Zergling x8  
  33  11:10  Spore Crawler  
  29  11:13  Spore Crawler  
  29  11:14  Zergling x2  
  29  11:15  Zergling x2  
  29  11:17  Baneling  
  29  11:18  Baneling x17  
  29  11:35  Extractor  
  29  11:36  Extractor  
  14  12:07  Zergling x12  
  18  12:21  Drone x3  
  21  12:26  Extractor  
  20  12:39  Baneling  
  20  12:40  Baneling x6  
  20  12:45  Baneling  
  20  12:50  Drone x2  
  22  12:56  Baneling  
  22  12:57  Baneling  
  16  13:22  Drone  
  16  13:23  Drone x5  
  22  13:33  Queen  
  24  14:05  Zergling x12  
  24  14:06  Zergling x8  
  34  14:35  Baneling x9  
  34  14:36  Baneling x6  
  34  14:43  Drone x4  
  34  14:44  Drone  
  34  15:27  Hatchery  
  33  15:31  Baneling  
  33  15:32  Baneling x4  
  33  15:44  Pneumatized Carapace  
  33  15:45  Drone x2  
  35  15:58  Overlord x2  
  35  15:59  Overlord x3  
  35  16:06  Spore Crawler  
  35  16:08  Drone  
  35  16:33  Drone x3  
  35  16:38  Lair  
  38  16:40  Drone x2  
  38  16:43  Drone x4  
  44  16:50  Drone  
  45  17:11  Hatchery  
  44  17:26  Evolution Chamber  
  43  17:30  Zergling x2  
  43  17:31  Zergling x10  
  49  18:12  Drone x2  
  51  18:13  Drone  
  46  19:03  Overlord  
  46  19:04  Overlord x2  
  46  19:08  Baneling x6  
  46  19:09  Baneling x6  
  46  19:11  Drone x3  
  46  19:12  Queen  
  51  19:39  Drone x2  
  53  19:53  Overlord x2  
  53  20:05  Spore Crawler  
  53  20:06  Spore Crawler  
  47  21:12  Hatchery  
  46  22:01  Zergling x2  
  46  22:02  Zergling x22  
  58  22:23  Zerg Melee Weapons Level 1  
  58  22:26  Evolution Chamber  
  57  22:45  Spire  
  54  22:59  Drone x3  
  54  23:02  Queen  
  48  24:08  Zergling x18  
  55  24:11  Baneling x2  
  55  24:12  Baneling x20  
  55  24:18  Zerg Missile Weapons Level 1  
  55  24:38  Baneling x7  
  55  24:39  Baneling x5  
  55  24:42  Zergling x12  
  59  24:54  Zergling x2  
  59  24:55  Zergling x10  
  65  25:06  Zergling x2  
  67  25:07  Zergling x38  
  67  25:12  Baneling x7  
  67  25:13  Baneling x18  
  85  25:28  Extractor  
  85  25:30  Extractor  
  85  25:34  Baneling  
  85  25:35  Baneling x15  
  83  25:36  Baneling x24  
  49  26:12  Zerg Ground Armor Level 1  
  33  26:30  Spore Crawler  
  32  26:32  Spore Crawler  
  32  26:33  Zergling x2  
  32  26:34  Zergling x30  
  32  26:35  Zergling x26  
  60  27:04  Spore Crawler  
  60  27:07  Spore Crawler  
  58  27:10  Spore Crawler  
  57  27:26  Baneling  
  57  27:27  Baneling x15  
  57  27:28  Baneling x25  
  57  27:42  Drone x2  
  57  27:43  Drone x2  
  61  27:51  Baneling  
  61  28:10  Extractor  
  60  28:14  Extractor  
  59  28:25  Baneling  
  59  28:26  Baneling x5  
  59  28:27  Baneling  
  59  28:44  Baneling x5  
  59  28:46  Baneling  
  33  29:02  Overlord x5  
  30  29:03  Overlord x3  
  30  29:22  Hatchery  
  30  29:23  Extractor  
  28  29:29  Overlord  
  28  29:30  Zergling x2  
  33  29:31  Zergling x28  
  33  29:32  Zergling x12  
Show
View Real Time Build Order
Export as new Build Order

Radeus Protoss 

Build Orders:  

Get SALT Encoding   

  12  0:01  Probe (Chrono Boost)  
  13  0:11  Probe (Chrono Boost)  
  14  0:19  Pylon  
  14  0:25  Probe (Chrono Boost)  
  15  0:39  Gateway  
  15  0:41  Assimilator  
  15  0:43  Probe (Chrono Boost)  
  16  1:03  Probe (Chrono Boost)  
  17  1:11  Gateway  
  17  1:22  Pylon  
  17  1:24  Probe (Chrono Boost)  
  18  1:34  Probe (Chrono Boost)  
  18  1:36  Assimilator  
  19  1:45  Probe (Chrono Boost)  
  20  1:51  Cybernetics Core  
  20  1:55  Probe (Chrono Boost)  
  21  2:02  Zealot  
  21  2:03  Zealot  
  25  2:19  Probe (Chrono Boost)  
  26  2:27  Pylon  
  26  2:30  Gateway  
  26  2:32  Gateway  
  26  2:37  Gateway  
  26  2:43  Warp Gate  
  26  2:47  Zealot x2  
  30  2:57  Mothership Core (Chrono Boost)  
  32  3:28  Pylon  
  32  3:41  Pylon  
  34  3:53  Zealot x4  
  34  3:54  Zealot  
  42  4:01  Twilight Council  
  42  4:24  Nexus  
  42  4:29  Charge  
  42  5:04  Zealot x4  
  48  5:11  Zealot  
  51  5:28  Probe (Chrono Boost)  
  51  5:40  Probe (Chrono Boost)  
  52  5:45  Robotics Facility  
  52  5:47  Probe (Chrono Boost)  
  53  5:53  Probe (Chrono Boost)  
  53  5:54  Zealot  
  53  5:55  Zealot  
  58  5:58  Probe (Chrono Boost)  
  60  6:05  Probe (Chrono Boost)  
  60  6:14  Probe (Chrono Boost)  
  60  6:17  Probe (Chrono Boost)  
  62  6:22  Zealot x3  
  62  6:25  Probe (Chrono Boost)  
  69  6:40  Pylon  
  69  6:42  Pylon  
  69  6:44  Pylon  
  69  6:50  Probe (Chrono Boost)  
  70  6:56  Warp Prism  
  70  7:01  Probe (Chrono Boost)  
  73  8:00  Probe (Chrono Boost)  
  73  8:01  Assimilator, Probe (Chrono Boost)  
  73  8:03  Assimilator  
  75  8:11  Dark Shrine  
  76  8:13  Probe (Chrono Boost)  
  76  8:15  Warp Prism  
  78  8:33  Zealot x3  
  84  8:41  Pylon, Stalker x2  
  84  8:42  Pylon  
  84  8:43  Pylon  
  88  8:55  Zealot x3  
  80  9:43  Zealot x2  
  80  9:44  Zealot x3  
  86  9:57  Pylon  
  86  9:58  Pylon x2  
  82  10:02  Pylon  
  76  10:08  Zealot x5  
  76  10:54  Nexus  
  76  11:02  Zealot x5  
  86  11:05  Gateway x2  
  86  11:08  Gateway  
  86  11:10  Gateway  
  86  11:23  Zealot x4  
  86  11:24  Zealot  
  80  11:48  Zealot  
  80  11:50  Zealot x4  
  51  12:10  Zealot  
  51  12:14  Zealot x4  
  42  12:23  Probe (Chrono Boost)  
  42  12:25  Probe (Chrono Boost)  
  42  12:26  Probe (Chrono Boost)  
  45  12:34  Probe (Chrono Boost)  
  42  12:37  Gateway  
  42  12:41  Gateway, Zealot  
  42  12:43  Gateway  
  42  12:44  Gateway  
  44  12:48  Gateway  
  29  13:22  Zealot  
  29  13:24  Zealot x3  
  34  13:41  Probe (Chrono Boost)  
  35  14:00  Zealot x3  
  35  14:01  Zealot x6  
  34  14:43  Pylon  
  34  14:44  Pylon  
  34  14:46  Pylon  
  34  14:50  Pylon  
  34  14:53  Cybernetics Core  
  19  15:21  Zealot x4  
  19  15:22  Zealot x4  
  19  15:26  Probe (Chrono Boost)  
  20  15:36  Probe (Chrono Boost)  
  20  15:39  Zealot  
  6  16:44  Zealot x3  
  12  16:50  Probe (Chrono Boost)  
Show
View Real Time Build Order
Export as new Build Order

Gracz Zerg - Winner!

Build Orders: Pool First 

Get SALT Encoding   

  12  0:03  Drone  
  13  0:30  Drone  
  14  0:39  Overlord x2  
  14  0:46  Spawning Pool  
  14  0:47  Extractor  
  14  0:48  Drone  
  13  1:14  Drone x2  
  15  1:33  Zergling x4  
  15  1:39  Drone  
  3  3:12  Hatchery  
  2  3:22  Hatchery  
  2  3:23  Hatchery  
  2  3:25  Zergling x2  
  1  4:59  Drone  
  1  5:00  Drone x2  
  1  5:02  Drone  
  1  5:03  Drone  
  5  5:33  Drone  
  6  6:10  Drone x3  
  6  6:11  Drone  
  10  6:33  Drone x3  
  13  7:16  Drone x3  
  13  7:22  Spawning Pool  
  15  7:24  Drone  
  15  7:25  Drone x2  
  18  7:39  Drone x4  
  22  7:59  Extractor, Drone  
  22  8:00  Drone  
  22  8:01  Drone x2  
  25  8:12  Queen x2  
  29  8:21  Roach Warren  
  28  8:32  Baneling Nest  
  27  8:38  Spine Crawler  
  26  8:41  Spine Crawler  
  26  8:47  Spine Crawler  
  24  8:49  Drone x4  
  24  8:50  Spine Crawler  
  27  9:09  Extractor  
  26  9:15  Drone x2  
  26  9:16  Extractor, Drone x3  
  30  9:17  Drone  
  31  9:54  Extractor  
  31  9:58  Drone x3  
  35  10:14  Overlord  
  35  10:15  Overlord  
  35  10:16  Metabolic Boost, Overlord  
  35  10:20  Queen  
  35  10:21  Lair  
  35  11:12  Drone x2  
  35  11:13  Drone x2  
  35  11:14  Drone x3  
  42  11:56  Drone x3  
  45  12:08  Hydralisk Den  
  44  12:13  Spire  
  43  12:17  Nydus Network  
  42  12:24  Evolution Chamber  
  42  12:26  Evolution Chamber  
  42  12:27  Drone x3  
  42  12:28  Overlord, Drone x2  
  45  12:59  Lurker Den  
  45  13:01  Glial Reconstitution  
  45  13:04  Zerg Melee Weapons Level 1  
  45  13:05  Zerg Ground Armor Level 1  
  45  13:19  Hydralisk x8  
  47  13:20  Hydralisk x3  
  47  13:23  Overlord  
  67  13:31  Zerg Flyer Weapons Level 1  
  63  14:48  Hatchery  
  60  14:55  Mutalisk x5  
  60  14:56  Mutalisk x3  
  76  15:39  Zerg Melee Weapons Level 2  
  76  15:40  Zerg Ground Armor Level 2  
  76  15:54  Infestation Pit  
  76  15:55  Drone  
  76  15:56  Overlord x2  
  76  15:57  Overlord x2  
  76  16:21  Drone x2  
  78  16:28  Zerg Flyer Armor Level 1  
  78  16:31  Muscular Augments, Tunneling Claws  
  78  16:36  Centrifical Hooks  
  78  17:25  Extractor  
  78  17:28  Extractor  
  76  17:54  Mutalisk x2  
  76  17:55  Mutalisk x6  
  76  17:56  Corruptor x5  
  76  17:57  Corruptor  
  100  20:11  Hive  
  100  20:15  Burrow  
  100  20:29  Overlord  
  100  20:30  Overlord x4  
  100  21:27  Spore Crawler x2  
  100  21:31  Spore Crawler  
  97  21:36  Spore Crawler  
  97  21:37  Spore Crawler  
  97  21:39  Spore Crawler  
  94  21:50  Ultralisk Cavern  
  93  22:19  Greater Spire  
  93  22:20  Zerg Ground Armor Level 3  
  93  22:23  Zerg Melee Weapons Level 3  
  93  22:30  Lurker x2  
  93  22:31  Lurker x5  
  100  23:37  Brood Lord x6  
  100  23:41  Ultralisk x5  
  130  23:42  Overlord x4  
  142  24:18  Hydralisk x3, Ultralisk  
  154  25:14  Hatchery  
  153  25:37  Overlord x2  
  153  25:38  Overlord  
  101  27:32  Corruptor x4  
  101  27:33  Mutalisk x2, Corruptor x2  
  101  27:34  Mutalisk x3  
  101  27:36  Overlord  
  123  28:35  Extractor  
  122  28:41  Extractor  
Tags
 
Add a new tag
Caveats
  • Supply blocks, unpowered buildings, or Contaminate may cause inaccurate times.
  • Supply counts are checked every 10 seconds.